 Dungeon Crawl Stone Soup version 0.28-a0-247-gb8bfbab023 (webtiles) character file.

Game seed: 5840733399340895160

140 bande the Shield-Bearer (level 5, -10/33 HPs)
             Began as a Gargoyle Fighter on Aug 26, 2021.
             Mangled by an ogre (16 damage)
             ... on level 3 of the Dungeon.
             The game lasted 00:04:18 (3314 turns).

bande the Shield-Bearer (Gargoyle Fighter)          Turns: 3314, Time: 00:04:19

Health: -10/33     AC: 15    Str: 20    XL:     5   Next: 23%
Magic:  5/5        EV:  5    Int:  8    God:
Gold:   98         SH:  9    Dex: 10    Spells: 4/4 levels left

rFire   . . .      SeeInvis .   a - +0 war axe
rCold   . . .      Faith    .   c - +1 kite shield
rNeg    + . .      Spirit   .   f - +0 chain mail
rPois   ∞          Reflect  .   h - +1 hat
rElec   +          Harm     .   k - +0 cloak
rCorr   .          Rampage  .   (no gloves)
Will    .....                   (no boots)
Stlth   ..........              (no amulet)
HPRegen 0.11/turn               (no ring)
MPRegen 0.09/turn               (no ring)

@: no status effects
A: sickness immunity, AC +4, negative energy resistance 1, electricity
resistance, torment resistance 1, petrification resistance
a: no special abilities


You were on level 3 of the Dungeon.
You visited 1 branch of the dungeon, and saw 3 of its levels.

You collected 98 gold pieces.

Inventory:

Hand Weapons
 a - a +0 war axe (weapon)
Armour
 c - a +1 kite shield (worn)
 f - a +0 chain mail (worn)
 h - a +1 hat (worn)
 k - a +0 cloak (worn)
Jewellery
 g - a ring of resist corrosion
Scrolls
 b - 2 scrolls of identify
 l - a scroll of enchant armour
Potions
 d - 2 potions of might
 e - a potion of berserk rage {unknown}
 i - a potion of ambrosia
 j - a potion of flight


   Skills:
 + Level 3.9 Fighting
 + Level 3.0 Axes
 + Level 4.0 Armour
 + Level 4.4 Shields


You had 4 spell levels left.
You didn't know any spells.
Your spell library contained the following spells:

 Spells                   Type           Power      Damage    Failure   Level
 Slow                     Hex            0%         N/A       100%        2
 Static Discharge         Conj/Air       0%         N/A       100%        2
 Confusing Touch          Hex            0%         N/A       100%        3
 Vampiric Draining        Necr           0%         2d6       100%        3
 Lightning Bolt           Conj/Air       0%         1d11      100%        5
 Maxwell's Capacitive Co  Air            0%         ∞         100%        8


Dungeon Overview and Level Annotations

Branches:
Dungeon (3/15)

Altars:
Gozag
Hepliaklqana
Sif Muna
Uskayaw

Shops:
D:1 =


Innate Abilities, Weirdness & Mutations

You are immune to sickness and miasma.
Your stone body is resilient. (AC +4)
You are immune to poison.
You resist negative energy. (rN+)
You are resistant to electric shocks. (rElec)
You are resistant to unholy torment.
You are immune to petrification.


Message History

You kill the ball python!
The goblin hits you but does no damage.
You barely miss the goblin. You block the goblin's attack.
You miss the goblin. You block the goblin's attack.
The goblin hits you but does no damage.
You barely miss the goblin. The goblin hits you but does no damage.
Your shield and chain mail prevent you from hitting the goblin.
You block the goblin's attack. x2
You hit the goblin.
You kill the goblin!
The ball python bites you but does no damage.
You block the ball python's attack.
You hit the ball python but do no damage.
The ball python bites you but does no damage.
The ball python grabs you. The ball python constricts you.
You block the ball python's attack. The ball python constricts you.
You closely miss the ball python.
The ball python bites you but does no damage.
The ball python constricts you.
The ball python bites you but does no damage.
The ball python constricts you.
You slash the ball python!
You kill the ball python!
You block the ogre's attack.
You barely miss the ogre. You block the ogre's attack.
You hit the ogre.
The ogre is lightly wounded.
The ogre hits you with a +0 giant club!!
Ouch! That really hurt!
You barely miss the ogre.
The ogre is lightly wounded.
You block the ogre's attack.
Your shield and chain mail prevent you from hitting the ogre.
The ogre is lightly wounded.
The ogre hits you with a +0 giant club!
* * * LOW HITPOINT WARNING * * *
You hit the ogre.
The ogre is lightly wounded.
The ogre hits you with a +0 giant club!
You die...

..######## #...# ##......##...##
.........##.##...##......####...#
.>..###### O.#...#......## #...#
..#.# #.##........## ##... ..#.#
##..#.....).## #... ....#
..S##.....## ##.. ....######
##..#....## #.. §........#
#...##.(## ##. ....###.## #.O@.##
+. ....# #.# ######## #### ....#
#.# #.##.# #### #.## ....# #.##
#.##.# #..# #.## #...# #..#####
#.##.# #..# #.## #...###......#
#.##.# #..###.## #..........<.#
#.##.# #..##...#
#...###......###.##.# #........
..........##........# #.###...#


You could see an ogre.

Vanquished Creatures
  Crazy Yiuf (D:2)
  Jessica (D:2)
  3 adders
  2 worms (D:2)
  2 dart slugs
  An orc (D:3)
  5 ball pythons
  6 bats
  3 endoplasms
  2 goblins
  7 hobgoblins
  7 jackals (D:2)
  A frilled lizard (D:2)
  4 kobolds
  3 rats
48 creatures vanquished.

Notes
Turn   | Place    | Note
-------+----------+-------------------------------------------
     0 | D:1      | bande the Gargoyle Fighter began the quest for the Orb.
     0 | D:1      | Reached XP level 1. HP: 14/14 MP: 1/1
   273 | D:1      | Reached XP level 2. HP: 19/19 MP: 2/2
   520 | D:1      | Found Keask's Jewellery Shop.
   813 | D:1      | Found a faded altar of an unknown god.
  1114 | D:2      | Reached XP level 3. HP: 22/23 MP: 3/3
  1138 | D:2      | Noticed Jessica
  1143 | D:2      | Killed Jessica
  1265 | D:2      | Reached XP level 4. HP: 25/29 MP: 4/4
  1498 | D:2      | Found a runed translucent door.
  1499 | D:2      | Noticed Crazy Yiuf
  2526 | D:2      | Killed Crazy Yiuf
  2864 | D:3      | Reached XP level 5. HP: 31/33 MP: 5/5
  2989 | D:3      | Found a hide-covered altar of Uskayaw.
  3014 | D:3      | Found a hazy altar of Hepliaklqana.
  3020 | D:3      | Found a shimmering blue altar of Sif Muna.
  3084 | D:3      | Found an opulent altar of Gozag.
  3299 | D:3      | Noticed an ogre
  3314 | D:3      | Mangled by an ogre

Illustrated notes

Levels and vault maps discovered:
D:1:      dpeg_arrival_rhombus, layout_basic,
          shapermc_ecumenical_altar_mp_ritualfount, serial_shops,
          nicolae_shop_trees, minmay_misc_feat_tower, minmay_statues_item
D:2:      layout_loops_cross, minmay_quadrilaterals, uniq_jessica,
          uniq_crazy_yiuf_cottage
D:3:      minmay_razor_zed, layout_loops_ring, grunt_gozag_breadcrumbs,
          eat_drink_and_be_merry_uskayaw, mainiacjoe_overflow_catwalk_spiral,
          fountainhead, minmay_misc_feat_nine_boxes

Skill      XL: |  1  2  3  4  5 |
---------------+----------------+-----
Axes           | 2 3 |  3.0
Shields        | 4 |  4.4
Armour         | 4 |  4.0
Fighting       | |  3.9

Action                   |  1- 3 |  4- 6 || total
-------------------------+-------+-------++-------
Melee: War axe           |    71 |    90 ||   161
  Use: Potion            |       |     1 ||     1
       Scroll            |       |     3 ||     3
Armor: Scale mail        |    29 |       ||    29
       Chain mail        |    26 |    54 ||    80
Dodge: Dodged            |    21 |    18 ||    39
Block: Kite shield       |    47 |    55 ||   102

Table legend: (Time is in decaauts)
 A = Elapsed time spent in this place.
 B = Non-inter-level travel time spent in this place.
 C = Inter-level travel time spent in this place.
 D = Time resting spent in this place.
 E = Time spent auto-exploring this place.
 F = Levels seen in this place.
 G = Mean time per level.
                   A        B        C        D        E       F      G
               +--------+--------+--------+--------+--------+-----+--------+
         Total |   3397 |   3390 |      7 |    863 |   2019 |   3 | 1132.3 |
       Dungeon |   3397 |   3390 |      7 |    863 |   2019 |   3 | 1132.3 |
               +--------+--------+--------+--------+--------+-----+--------+

Top non-repeatable levels by time:
     D:2: 1924 daAuts
     D:1: 989 daAuts
     D:3: 483 daAuts
